AoeStats
← HAHAR

Yucatan

510674635Analyzed
4v4 RM · 20h ago on Oct 2, 2026· 56m 35s· 8 players
Game mode
Random Map
Map size
Large (8 player)
Population
200
Speed
Normal
Resources
Standard
Victory
Conquest
Starting age
Dark Age
Ending age
Imperial Age
RankedLock teamsTeams togetherTeam positionsShared explorationLock speedFull tech treeHidden civsTurbo modeCheats
Victory
Defeat
🇲🇽 Mongols · Mexico
1050
+16
🇧🇾 Mapuche · Belarus
1033
+17
🇹🇷 Magyars · Türkiye
1024
+18
🇩🇪 Maya · Germany
997
+19
🇨🇳 Magyars · China
1066
-18
🇦🇷 Persians · Argentina
1061
-18
🇵🇪 Inca · Peru
1056
-17
🇦🇷 Khmer · Argentina
1051
-17
Radinge
3:04 Loom
8:34 Feudal Age
9:03 Double-Bit Axe
16:15 Castle Age
15:15 Horse Collar
17:54 Bloodlines
17:05 Light Cavalry
18:02 Bow Saw
22:20 Heavy Plow
23:53 Gold Mining
29:03 Scale Barding Armor
29:09 Forging
31:06 Wheelbarrow
33:47 Imperial Age
32:58 Hand Cart
35:23 Chain Barding Armor
35:39 Iron Casting
35:28 Conscription
34:32 Elite Steppe Lancer
36:06 Gold Shaft Mining
37:18 Drill
38:04 Husbandry
39:07 Blast Furnace
39:31 Hussar
39:35 Elite Mangudai
45:01 Chemistry
44:22 Ballistics
44:05 Caravan
43:57 Fletching
45:56 Bodkin Arrow
46:16 Masonry
48:47 Bracer
49:03 Capped Ram
50:18 Siege Ram
50:44 Heavy Camel Rider
Unfi
0:29 Loom
10:56 Feudal Age
16:41 Town Watch
20:10 Horse Collar
24:58 Castle Age
22:58 Double-Bit Axe
24:03 Champi Runner
24:48 Champi Runner
29:22 Sanctity
30:37 Sanctity
33:03 Murder Holes
35:47 Wheelbarrow
36:58 Ballistics
37:12 Forging
36:53 Fletching
41:38 Imperial Age
40:57 Crossbowman
42:00 Heavy Plow
42:10 Bow Saw
42:00 Bodkin Arrow
42:05 Padded Archer Armor
44:12 Elite Skirmisher
46:51 Butalmapu
47:52 Crop Rotation
47:12 Gold Mining
47:13 Stone Mining
49:41 Elite Bolas Rider
50:28 Pikeman
51:44 Gold Shaft Mining
51:45 Stone Shaft Mining
52:26 Leather Archer Armor
52:47 Iron Casting
52:12 Scale Mail Armor
53:28 Chemistry
53:46 Hand Cart
53:23 Arson
54:12 Halberdier
56:32 Blast Furnace
55:48 Chain Mail Armor
EGEMENSONMEZ
10:28 Feudal Age
16:58 Castle Age
17:51 Bloodlines
17:52 Scale Barding Armor
19:43 Double-Bit Axe
21:22 Horse Collar
25:31 Stone Mining
25:48 Heavy Plow
26:06 Bow Saw
32:50 Imperial Age
33:00 Husbandry
32:56 Cavalier
34:20 Conscription
35:12 Two-Man Saw
34:43 Crop Rotation
34:12 Gold Mining
35:24 Paladin
37:53 Chain Barding Armor
46:09 Elite Magyar Huszar
48:20 Corvinian Army
50:03 Wheelbarrow
51:27 Plate Barding Armor
52:42 Hand Cart
52:15 Town Watch
52:15 Loom
PezMaza
1:16 Loom
11:06 Feudal Age
11:19 Man-at-Arms
11:44 Arson
14:15 Forging
15:32 Scale Mail Armor
16:53 Town Watch
22:15 Castle Age
21:15 Double-Bit Axe
21:13 Horse Collar
23:12 Chain Mail Armor
23:33 Iron Casting
23:01 Squires
23:38 Town Patrol
24:30 Eagle Warrior
26:19 Padded Archer Armor
28:00 Bow Saw
28:06 Heavy Plow
34:03 Wheelbarrow
36:57 Ballistics
36:34 Murder Holes
36:20 Treadmill Crane
37:07 Fletching
37:33 Leather Archer Armor
38:29 Bodkin Arrow
39:44 Hand Cart
39:43 Fortified Wall
43:28 Imperial Age
40:21 Pikeman
44:13 Bracer
44:45 Ring Archer Armor
46:47 Blast Furnace
45:55 Gold Mining
45:55 Stone Mining
47:33 Chemistry
47:01 Conscription
48:51 Two-Man Saw
48:27 Crop Rotation
48:12 Halberdier
49:39 Capped Ram
51:13 Stone Shaft Mining
51:32 Elite Eagle Warrior
52:55 Heavy Scorpion
56:52 Plate Mail Armor
55:50 Elite Plumed Archer
57:06 Holcans
57:13 Hoardings
Taikobo
7:15 Loom
11:38 Feudal Age
13:05 Wheelbarrow
14:34 Scale Mail Armor
16:44 Forging
18:32 Double-Bit Axe
18:29 Horse Collar
25:41 Castle Age
23:45 Stone Mining
23:44 Double-Bit Axe
25:49 Fletching
26:40 Hand Cart
26:25 Town Watch
27:06 Bow Saw
27:32 Gold Mining
28:19 Heavy Plow
31:20 Chain Mail Armor
35:49 Masonry
39:32 Imperial Age
38:57 Gold Shaft Mining
39:01 Stone Shaft Mining
38:31 Crossbowman
38:31 Elite Skirmisher
40:10 Iron Casting
40:11 Guard Tower
40:43 Squires
41:16 Plate Mail Armor
41:41 Thumb Ring
42:05 Conscription
44:05 Hoardings
45:05 Bodkin Arrow
45:11 Padded Archer Armor
HAHAR
9:21 Loom
11:46 Feudal Age
18:21 Castle Age
16:23 Double-Bit Axe
17:12 Horse Collar
19:31 Heavy Plow
19:46 Bow Saw
21:00 Gold Mining
21:01 Stone Mining
21:56 Wheelbarrow
22:20 Gold Shaft Mining
23:09 Padded Archer Armor
23:33 Fletching
26:47 Thumb Ring
27:58 Leather Archer Armor
30:59 Hand Cart
31:09 Bodkin Arrow
32:09 Scale Barding Armor
38:39 Imperial Age
36:45 Chain Barding Armor
36:38 Husbandry
36:51 Bloodlines
40:49 Parthian Tactics
42:11 Two-Man Saw
41:45 Crop Rotation
41:55 Ring Archer Armor
41:35 Bracer
42:11 Plate Barding Armor
41:46 Heavy Cavalry Archer
44:01 Ballistics
43:32 Heated Shot
44:43 Chemistry
43:54 Masonry
44:26 Conscription
45:17 Recurve Bow
45:06 Treadmill Crane
45:43 Cavalier
47:10 Corvinian Army
46:30 Elite Magyar Huszar
47:46 Hoardings
47:51 Paladin
51:50 Murder Holes
51:23 Crossbowman
51:25 Light Cavalry
52:23 Hussar
FBottega
3:11 Loom
13:30 Feudal Age
15:03 Double-Bit Axe
15:09 Gold Mining
15:10 Stone Mining
15:03 Horse Collar
16:54 Forging
16:50 Scale Barding Armor
17:25 Wheelbarrow
21:41 Castle Age
22:21 Bloodlines
22:15 Husbandry
22:58 Iron Casting
22:52 Heavy Plow
23:09 Bow Saw
30:00 Chain Barding Armor
31:18 Hand Cart
34:21 Imperial Age
35:38 Blast Furnace
35:14 Plate Barding Armor
34:01 Cavalier
36:23 Two-Man Saw
36:28 Savar
38:09 Crop Rotation
40:14 Conscription
45:28 Heavy Camel Rider
55:23 Gold Shaft Mining
55:24 Stone Shaft Mining
55:57 Citadels
56:43 Masonry
56:30 Murder Holes
PNAL | Mark Max 77
9:23 Loom
11:34 Feudal Age
14:07 Scale Barding Armor
15:01 Forging
15:07 Bloodlines
22:04 Castle Age
29:35 Double-Bit Axe
29:31 Horse Collar
35:32 Husbandry
35:56 Chain Barding Armor
35:27 Fletching
41:28 Imperial Age
40:25 Murder Holes
40:52 Ballistics
41:14 Pikeman
46:11 Plate Barding Armor
45:32 Bodkin Arrow
46:16 Light Cavalry
Connection lost

Rejoining the realm…

Still unreachable

The connection could not be restored.

Session expired

The server has moved on; the page needs a fresh start.